 Dungeon Crawl Stone Soup version 0.24.0-1-gfbc8707 (webtiles) character file.

Game seed: 15855793729406912816, levelgen mode: deterministic

325 Geeful the Skirmisher (level 6, -2/55 HPs)
             Began as a Hill Orc Abyssal Knight on Oct 31, 2019.
             Was a Believer of Lugonu.
             Slain by a gnoll
             ... wielding a +0 halberd
              (7 damage)
             ... on level 4 of the Dungeon.
             The game lasted 00:09:19 (3142 turns).

Geeful the Skirmisher (Hill Orc Abyssal Knight)     Turns: 3142, Time: 00:09:20

Health: -2/55      AC: 13    Str: 20    XL:     6   Next: 48%
Magic:  18/18      EV: 10    Int: 12    God:    Lugonu [**....]
Gold:   139        SH:  0    Dex: 12    Spells: 5/5 levels left

rFire    x . .     SeeInvis .   a - +2 hand axe
rCold    + + .     Gourm    .   (no shield)
rNeg     . . .     Faith    .   i - +0 ice dragon scales
rPois    +         Spirit   .   k - +1 helmet
rElec    .         Reflect  .   v - +0 cloak
rCorr    .         Harm     .   (no gloves)
MR       .....                  (no boots)
Stlth    ..........             (no amulet)
HPRegen  0.18/turn              h - ring of magical power
MPRegen  0.16/turn              f - ring of poison resistance

@: mighty
A: no striking features
a: Depart the Abyss, Bend Space, Renounce Religion


You were on level 4 of the Dungeon.
You worshipped Lugonu.
Lugonu was pleased with you.
You were not hungry.

You visited 1 branch of the dungeon, and saw 4 of its levels.
You visited the Abyss 1 time.

You collected 139 gold pieces.

Inventory:

Hand Weapons
 a - a +2 hand axe (weapon)
Missiles
 g - 7 boomerangs (quivered)
Armour
 i - +0 ice dragon scales (worn)
 k - a +1 helmet (worn)
 v - a +0 cloak (worn)
Jewellery
 f - a ring of poison resistance (right hand)
 h - a ring of magical power (left hand)
Scrolls
 b - a scroll of amnesia
 l - 2 scrolls of enchant armour
 p - 2 scrolls of fear
 q - a scroll of identify
 s - a scroll of teleportation
Potions
 d - a potion of haste
 e - a potion of cancellation
 j - 2 potions of curing
 n - a potion of mutation {unknown}
 o - a potion of might
 r - a potion of brilliance {unknown}
 t - a potion of berserk rage {unknown}
 u - a potion of magic {unknown}
Comestibles
 c - 7 rations
 m - 5 chunks of flesh


   Skills:
 + Level 4.9 Fighting
 + Level 4.5 Axes
 + Level 3.8 Armour
 + Level 2.3 Dodging
 + Level 4.4 Invocations


You had 5 spell levels left.
You didn't know any spells.
Your spell library was empty.

Dungeon Overview and Level Annotations

Branches:
Dungeon (4/15)
 Temple: D:4-7

Altars:
Hepliaklqana
Kikubaaqudgha
Qazlal

Annotations:
D:4 Robin


Message History

You barely miss the ogre.
The ogre is moderately wounded.
The ogre closely misses you.
You hit the ogre.
The ogre is heavily wounded.
The ogre hits you with a +0 giant club!
* * * LOW HITPOINT WARNING * * *
You feel very mighty all of a sudden. The ogre misses you.
You slice the ogre!!
You kill the ogre!
Lugonu accepts your kill.
You slash the gnoll!
The gnoll is almost dead.
The gnoll misses you. The gnoll hits you but does no damage.
You hit the gnoll.
You kill the gnoll!
Lugonu accepts your kill.
The gnoll hits you from afar with a +0 halberd!
You die...

#.##.##.# #.....#
#.##.##.######.....#
#g##.##............#
#........####......#
#O##.##..# ##.....#
#.##.....# ##..####
#.######.# ##.....
#.######.# ######
#.g)@....#
##########


You could see a gnoll.

Vanquished Creatures
  An ogre (D:4)
  An orc priest (D:3)
  A worker ant (D:4)
  2 orc wizards (D:3)
  2 gnolls (D:4)
  5 adders
  2 worms
  A dart slug (D:3)
  A leopard gecko (D:2)
  6 orcs (D:3)
  4 giant cockroaches
  6 goblins
  8 hobgoblins
  3 jackals (D:2)
  2 ball pythons
  4 bats
  7 frilled lizards
  11 kobolds
  5 rats
72 creatures vanquished.

Notes
Turn   | Place    | Note
-------+----------+-------------------------------------------
     0 | Abyss:1  | Geeful the Hill Orc Abyssal Knight began the quest for the
                  | Orb.
     0 | Abyss:1  | Reached XP level 1. HP: 19/19 MP: 2/2
    34 | Abyss:1  | Noticed a demonic crawler
    35 | Abyss:1  | Noticed a small abomination
    38 | D:1      | Escaped the Abyss
   421 | D:1      | Reached skill level 1 in Dodging
   421 | D:1      | Reached XP level 2. HP: 27/27 MP: 3/3
   937 | D:1      | Reached * piety under Lugonu
  1094 | D:2      | Reached XP level 3. HP: 30/33 MP: 5/5
  1365 | D:2      | Reached XP level 4. HP: 31/40 MP: 6/6
  1993 | D:2      | Reached ** piety under Lugonu
  2060 | D:2      | Found a hazy altar of Hepliaklqana.
  2467 | D:3      | Found an ancient bone altar of Kikubaaqudgha.
  2482 | D:3      | Reached XP level 5. HP: 45/47 MP: 7/7
  2839 | D:3      | Found a stormy altar of Qazlal.
  2951 | D:4      | Noticed Robin
  2953 | D:4      | Noticed an ogre
  2989 | D:4      | Reached XP level 6. HP: 53/53 MP: 9/9
  3142 | D:4      | Slain by a gnoll

Levels and vault maps discovered:
D:1:      dpeg_arrival_three_bigger_balls, layout_basic
D:2:      layout_basic, lemuel_coloured_pillars_altar
D:3:      layout_basic, kiku_gazebo_garden_becter, grunt_qazlal_clouds
D:4:      layout_loops_corners, lemuel_crystal_altar, okawaru_ov_weapons_minmay,
          minmay_temple_entry_antechambers, corexii_corridor_pit,
          amethyst_killhole, uniq_robin

Skill      XL: |  1  2  3  4  5 |
---------------+----------------+-----
Dodging        | 1 2 |  2.3
Axes           | 3 4 |  4.5
Invocations    | 3 4 |  4.4
Fighting       | 4 |  4.9
Armour         | 3 |  3.8

Action                   |  1- 3 |  4- 6 || total
-------------------------+-------+-------++-------
Melee: Hand axe          |   131 |   151 ||   282
Invok: Depart the Abyss  |     1 |       ||     1
  Use: Scroll            |     3 |    11 ||    14
       Potion            |       |     1 ||     1
  Eat: Chunk             |     2 |     5 ||     7
Armor: Ice dragon scales |    82 |    82 ||   164
       Leather armour    |     1 |       ||     1
Dodge: Dodged            |    45 |    70 ||   115
